 Dungeon Crawl Stone Soup version 0.27.1-16-g815e20cd7a (webtiles) character file.

Game seed: 4505243018121372912

27 Eitelfritz the Poker (level 3, 0/28 HPs)
             Began as a Merfolk Gladiator on Nov 22, 2021.
             Killed from afar by Robin (9 damage)
             ... with a puff of flame
             ... on level 2 of the Dungeon.
             The game lasted 00:01:50 (880 turns).

Eitelfritz the Poker (Merfolk Gladiator)             Turns: 880, Time: 00:01:51

Health: 0/28       AC:  4    Str: 14    XL:     3   Next: 10%
Magic:  3/3        EV: 13    Int:  8    God:
Gold:   62         SH:  0    Dex: 15    Spells: 2/2 levels left

rFire    . . .     SeeInvis .   a - +0 trident
rCold    . . .     Faith    .   (no shield)
rNeg     . . .     Spirit   .   b - +0 leather armour
rPois    .         Reflect  .   c - +0 helmet
rElec    .         Harm     .   (no cloak)
rCorr    .         Rampage  .   (no gloves)
Will     .....                  (no boots)
Stlth    +.........             (no amulet)
HPRegen  0.09/turn              (no ring)
MPRegen  0.08/turn              (no ring)

@: no status effects
A: (nimble swimmer 2), mertail
a: no special abilities


You were on level 2 of the Dungeon.
You visited 1 branch of the dungeon, and saw 2 of its levels.

You collected 62 gold pieces.

Inventory:

Hand Weapons
 a - a +0 trident (weapon)
Missiles
 d - 3 throwing nets (quivered)
Armour
 b - a +0 leather armour (worn)
 c - a +0 helmet (worn)
 m - a +0 pair of gloves
Jewellery
 j - a +6 ring of strength
Scrolls
 e - a scroll of vulnerability {unknown}
 g - a scroll of teleportation {unknown}
 h - a scroll of silence {unknown}
 i - a scroll of identify {unknown}
 k - a scroll of fear {unknown}
Potions
 f - a potion of might {unknown}
 l - 2 potions of haste {unknown}


   Skills:
 + Level 2.7 Fighting
 + Level 4.9 Polearms
 + Level 2.0 Throwing
 + Level 0.2 Armour
 + Level 4.4 Dodging
 + Level 0.2 Stealth
 * Level 0.3 Spellcasting


You had 2 spell levels left.
You didn't know any spells.
Your spell library contained the following spells:

 Spells                   Type           Power      Damage    Failure   Level
 Corona                   Hex            0%         N/A       50%         1
 Ensorcelled Hibernation  Hex/Ice        0%         N/A       63%         2
 Ozocubu's Armour         Ice            0%         N/A       86%         3
 Tukima's Dance           Hex            0%         N/A       86%         3
 Metabolic Englaciation   Hex/Ice        0%         N/A       100%        5
 Simulacrum               Ice/Necr       0%         N/A       100%        6


Dungeon Overview and Level Annotations

Branches:
Dungeon (2/15)

Altars:

Annotations:
D:2 Robin


Innate Abilities, Weirdness & Mutations

((You are quick and stealthy near water. (Stealth+, EV+, Speed+++)))
Your lower body shifts to a powerful aquatic tail in water.


Message History

Found 16 gold pieces.
You now have 46 gold pieces (gained 7).
You now have 62 gold pieces (gained 16).
Found a pair of gloves.
You see here a +0 pair of gloves. 3 goblins and 2 hobgoblins come into view.
The hobgoblin shouts!
The goblin shouts! x2; You hear a shout! x2
A goblin comes into view. It is wielding a +0 dagger.
Robin of the Strong Arm comes into view.
They are wielding a +0 spear and carrying a wand of flame (21).
The goblin moves out of view.
The hobgoblin moves out of view.
The goblin moves out of view.
You hear a shout!
You hear a shout! x2
You see here a +0 pair of gloves.
m - a +0 pair of gloves You hear a shout! x2
You closely miss the hobgoblin. The hobgoblin hits you.
You hit the hobgoblin.
The hobgoblin is severely wounded.
The hobgoblin hits you but does no damage.
Robin throws the goblin at you! The goblin hits you with a +0 club.
You hit the hobgoblin but do no damage.
The hobgoblin is severely wounded.
The hobgoblin barely misses you. The goblin closely misses you.
The hobgoblin hits you.
You hit the hobgoblin.
You kill the hobgoblin!
Robin hits you from afar with a +0 spear.
The goblin hits you with a +0 club.
You barely miss the goblin.
Robin flexes a bicep menacingly.
Robin roars a battlecry!
The goblins go into a battle-frenzy!
The goblin hits you with a +0 club.
You hear a shout!
You hear an angry hiss.
You puncture the goblin!
You kill the goblin!
Robin says, "Bow before me, strongest of all the hobgoblins!"
Robin zaps a wand.
The puff of flame hits you!
You die...

##.#..#.##
##.#..#.##
##.#..#.##
#......### .
#+#.#..#.###
g.
###.#..#.###
g..
###.#..#.###
.g.
###.#.)#.#+#
..
###.#@.#.#.#
###.#g.g.#
###..#.#
#### .. ##


You could see Robin and a hobgoblin (strong).

Vanquished Creatures
  2 endoplasms (D:1)
  A giant cockroach (D:1)
  6 goblins
  A hobgoblin (D:2)
  3 jackals (D:1)
  3 kobolds (D:1)
  3 ball pythons (D:1)
  2 bats (D:1)
  A frilled lizard (D:1)
  4 rats (D:1)
26 creatures vanquished.

Notes
Turn   | Place    | Note
-------+----------+-------------------------------------------
     0 | D:1      | Eitelfritz the Merfolk Gladiator began the quest for the
                  | Orb.
     0 | D:1      | Reached XP level 1. HP: 16/16 MP: 1/1
   136 | D:1      | Reached XP level 2. HP: 22/23 MP: 2/2
   606 | D:1      | Reached XP level 3. HP: 28/28 MP: 3/3
   868 | D:2      | Noticed Robin
   880 | D:2      | Killed from afar by Robin

Illustrated notes

Levels and vault maps discovered:
D:1:      amcnicky_arrival_feature_with_door, layout_loops_ring,
          minmay_fountain_box
D:2:      minmay_razor_zed, layout_rooms,
          chequers_ecumenical_altar_simple_redux, minmay_pentomino_z2,
          uniq_robin

Action                   || total
-------------------------++-------
Melee: Trident           ||    61
 Stab: Sleeping          ||     1
Armor: Leather armour    ||    21
Dodge: Dodged            ||    31
